 Dungeon Crawl Stone Soup version 0.28-a0-1033-g1a2f33fa85 (webtiles) character file.

Game seed: 9229376565853646077

2639 kae the Severer (level 9, 0/70 HPs)
             Began as a Hill Orc Fighter on Dec 7, 2021.
             Was a Follower of Qazlal.
             Succumbed to a hornet's poison
             ... on level 7 of the Dungeon.
             The game lasted 00:06:19 (10211 turns).

kae the Severer (Hill Orc Fighter)                 Turns: 10211, Time: 00:06:20

Health: 0/70       AC:  7    Str: 23    XL:     9   Next: 61%
Magic:  12/12      EV:  9    Int:  8    God:    Qazlal [*.....]
Gold:   318        SH:  6    Dex: 10    Spells: 8/8 levels left

rFire   . . .      SeeInvis .   a - +1 war axe (flame)
rCold   . . .      Faith    .   c - +0 buckler
rNeg    . . .      Spirit   .   g - +1 scale mail
rPois   .          Reflect  .   (no helmet)
rElec   .          Harm     .   (no cloak)
rCorr   .          Rampage  .   (no gloves)
Will    .....                   (no boots)
Stlth   ..........              (no amulet)
HPRegen 0.21/turn               (no ring)
MPRegen 0.13/turn               (no ring)

@: lethally poisoned (0 -> -20), slowed, very slow
A: no striking features
a: Renounce Religion


You were on level 7 of the Dungeon.
You worshipped Qazlal.
Qazlal was aware of your devotion.
You visited 2 branches of the dungeon, and saw 8 of its levels.

You collected 318 gold pieces.

Inventory:

Hand Weapons
 a - a +1 war axe of flaming (weapon)
 b - a +1 hand axe of venom
Armour
 c - a +0 buckler (worn)
 g - a +1 scale mail (worn)
Jewellery
 j - a ring of see invisible
 k - a ring of poison resistance
 m - an amulet of magic regeneration
 s - a +6 ring of intelligence
 u - an amulet of faith
Wands
 f - a wand of acid (13)
 r - a wand of charming (9)
Potions
 d - 2 potions of might
 e - 2 potions of curing
 h - a potion of degeneration
 i - a potion of attraction {unknown}
 l - a potion of berserk rage {unknown}
 n - 2 potions of mutation {unknown}
 p - 2 potions of lignification {unknown}


   Skills:
 - Level 3.6 Fighting
 + Level 15.6 Axes
 - Level 3.2 Armour
 - Level 4.0 Shields
 + Level 4.3 Invocations


You had 8 spell levels left.
You didn't know any spells.
Your spell library contained the following spells:

 Spells                   Type           Power      Damage    Failure   Level
 Pain                     Necr           0%         1d4       71%         1
 Slow                     Hex            0%         N/A       71%         1
 Corpse Rot               Necr/Air       0%         N/A       85%         2
 Confusing Touch          Hex            0%         N/A       97%         3
 Vampiric Draining        Necr           0%         2d6       97%         3
 Dispel Undead            Necr           0%         3d6       100%        4
 Agony                    Necr           0%         N/A       100%        5
 Excruciating Wounds      Necr           0%         N/A       100%        5
 Death Channel            Necr           0%         N/A       100%        6


Dungeon Overview and Level Annotations

Branches:
Dungeon (7/15)             Temple (1/1) D:4

Altars:
Ashenzari
Cheibriados
Dithmenos
Elyvilon
Fedhas
Gozag
Hepliaklqana
Kikubaaqudgha
Makhleb
Nemelex Xobeh
Qazlal
Ru
Sif Muna
Trog
Uskayaw
Vehumet
Wu Jian
Xom
Yredelemnul
Zin
The Shining One

Shops:
D:5 *

Annotations:
D:5 2 transporters


Message History

The hornet stings you but does no damage. x2
You hit the hornet. You burn the hornet.
The hornet is lightly wounded.
You feel yourself speed up. The hornet stings you!
You feel yourself slow down. The hornet stings you!
You are poisoned.
You feel as though you will be slow longer.
You are too injured to fight recklessly!
You are too injured to fight recklessly!
You are too injured to fight recklessly!
You are too injured to fight recklessly!
You are too injured to fight recklessly!
You are too injured to fight recklessly!
You are too injured to fight recklessly!
You hit the hornet but do no damage.
The hornet is lightly wounded.
You feel very sick. The hornet stings you!
You are more poisoned.
You feel as though you will be slow longer.
You hit the hornet. You burn the hornet.
The hornet is moderately wounded.
You feel very sick. The hornet stings you!
* * * LOW HITPOINT WARNING * * *
You feel as though you will be slow longer.
The hornet stings you.
* * * LOW HITPOINT WARNING * * *
You are more poisoned.
You feel as though you will be slow longer.
You miss the hornet.
The hornet is moderately wounded.
* * * LOW HITPOINT WARNING * * *
You feel very sick. The hornet completely misses you.
Okay, then.
Blink to where?
Press: ? - help, Dir - move target
As you read the scroll of blinking, it crumbles to dust.
You die...

#.......#.....#
#.......#.....#
#.......'.....#
######..#####.....#####
........#.......###...###
...#....#.......#........
...#....#.......#........
...#...(#.......#).......
...#....#.......@).......
...#....#.......#)....##
'########.......#.....##.
................#§.......
................#y°......
................#........
................#........
.<..............#.....##.
......... #.....#


You could see a hornet.

Vanquished Creatures
  Pikel (D:5)
  Prince Ribbit (D:5)
  Grinder (D:5)
  A steam dragon (D:4)
  Duvessa (D:6)
  An ice beast (D:4)
  A sky beast (D:3)
  2 ogres
  2 centaurs
  3 kobold brigands
  A bullfrog (D:5)
  3 scorpions
  Dowan (D:6)
  2 howler monkeys
  An electric eel (D:6)
  A bullfrog zombie (D:5)
  A jelly (D:5)
  A centaur skeleton (D:7)
  2 orc priests (D:5)
  3 iguanas (D:5)
  A bullfrog skeleton (D:4)
  A hound skeleton (D:5)
  3 adders
  4 gnolls
  A shadow imp (D:6)
  2 worms
  2 dart slugs
  17 orcs
  5 endoplasms
  A giant cockroach (D:1)
  4 hobgoblins
  3 jackals (D:1)
  18 kobolds
  4 quokkas
  3 ball pythons
  4 bats
  4 frilled lizards (D:1)
  7 goblins
  7 rats
121 creatures vanquished.

Notes
Turn   | Place    | Note
-------+----------+-------------------------------------------
     0 | D:1      | kae the Hill Orc Fighter began the quest for the Orb.
     0 | D:1      | Reached XP level 1. HP: 19/19 MP: 1/1
    71 | D:1      | Reached skill level 3 in Axes
   131 | D:1      | Reached XP level 2. HP: 26/26 MP: 2/2
   447 | D:1      | Reached skill level 4 in Axes
   690 | D:1      | Reached XP level 3. HP: 21/31 MP: 3/3
  1499 | D:2      | Reached XP level 4. HP: 26/39 MP: 4/4
  1602 | D:1      | Reached skill level 5 in Axes
  2529 | D:3      | Reached skill level 6 in Axes
  2552 | D:3      | Noticed a sky beast
  2829 | D:3      | Killed a sky beast
  2830 | D:3      | Reached skill level 7 in Axes
  2830 | D:3      | Reached XP level 5. HP: 16/45 MP: 5/5
  3561 | D:3      | Found a faded altar of an unknown god.
  3830 | D:4      | Reached XP level 6. HP: 40/51 MP: 6/6
  3832 | D:4      | Reached skill level 8 in Axes
  3927 | D:4      | Found a staircase to the Ecumenical Temple.
  3966 | Temple   | Entered the Ecumenical Temple
  4185 | Temple   | Became a worshipper of Qazlal Stormbringer
  4453 | D:4      | Noticed a steam dragon
  4464 | D:4      | Killed a steam dragon
  4465 | D:4      | Reached skill level 9 in Axes
  4465 | D:4      | Reached XP level 7. HP: 26/57 MP: 7/7
  5205 | D:5      | Entered Level 5 of the Dungeon
  5303 | D:5      | Noticed Grinder
  5306 | D:5      | Killed Grinder
  5307 | D:5      | Reached skill level 10 in Axes
  5501 | D:5      | Reached skill level 11 in Axes
  5508 | D:5      | Reached XP level 8. HP: 52/64 MP: 8/8
  5571 | D:5      | Noticed Prince Ribbit
  5614 | D:5      | Found a transporter.
  5625 | D:5      | Noticed Pikel
  6393 | D:4      | Reached skill level 12 in Axes
  6462 | D:4      | Found a staircase to the Ecumenical Temple.
  7230 | D:5      | HP: 3/64 [Pikel (8)]
  7237 | D:5      | Killed Pikel
  7238 | D:5      | Reached skill level 13 in Axes
  7575 | D:5      | Killed Prince Ribbit
  7576 | D:5      | Reached skill level 14 in Axes
  7576 | D:5      | Reached XP level 9. HP: 37/70 MP: 9/9
  7836 | D:5      | Found a transporter.
  8190 | D:5      | Found Maydeosu's Overcharged Wands.
  8206 | D:5      | Reached skill level 15 in Axes
  8543 | D:6      | Noticed Dowan
  8544 | D:6      | Noticed Duvessa
  8549 | D:6      | Killed Dowan
  8550 | D:6      | Reached skill level 1 in Invocations
  8557 | D:6      | Killed Duvessa
  8724 | D:6      | Reached * piety under Qazlal
 10200 | D:7      | Noticed a hornet
 10211 | D:7      | Succumbed to a hornet's poison

Illustrated notes

Levels and vault maps discovered:
D:1:      kennysheep_arrival_seaside, layout_rooms
D:2:      layout_basic, amcnicky_mini_rare_corridor_liquid, st_stairs_7
D:3:      layout_basic, hellmonk_ecumenical_altar_heavens_door
D:4:      layout_basic, minmay_temple_entry_mini_moons
D:5:      gammafunk_steamed_eel, layout_basic, nicolae_shop_overcharged_wands,
          uniq_pikel, uniq_grinder, uniq_prince_ribbit1
D:6:      layout_basic, kennysheep_cross_bottleneck, st_stairs_12, uniq_duvessa
D:7:      layout_gridville, lightli_minifort
Temple:   mainiacjoe_temple_archimedes_tessellation

Skill      XL: |  1  2  3  4  5  6  7  8  9 |
---------------+----------------------------+-----
Axes           | 3 4 7 9 11 14 15 | 15.6
Shields        | 4 |  4.0
Invocations    | 4 |  4.3
Fighting       | |  3.6
Armour         | |  3.2

Action                   |  1- 3 |  4- 6 |  7- 9 || total
-------------------------+-------+-------+-------++-------
Melee: War axe           |   111 |   109 |    95 ||   315
       Hand axe          |       |       |    67 ||    67
Evoke: Wand              |       |       |     5 ||     5
  Use: Scroll            |     1 |     5 |    11 ||    17
       Potion            |       |       |     3 ||     3
Armor: Scale mail        |    45 |    35 |    28 ||   108
Dodge: Dodged            |    48 |    36 |    56 ||   140
Block: Buckler           |    33 |    24 |    21 ||    78

Table legend: (Time is in decaauts)
 A = Elapsed time spent in this place.
 B = Non-inter-level travel time spent in this place.
 C = Inter-level travel time spent in this place.
 D = Time resting spent in this place.
 E = Time spent auto-exploring this place.
 F = Levels seen in this place.
 G = Mean time per level.
                   A        B        C        D        E       F      G
               +--------+--------+--------+--------+--------+-----+--------+
         Total |  10223 |   9803 |    420 |   1469 |   7275 |   8 | 1277.9 |
       Dungeon |   9962 |   9598 |    364 |   1469 |   7086 |   7 | 1423.1 |
        Temple |    260 |    204 |     56 |      0 |    189 |   1 |  260.0 |
               +--------+--------+--------+--------+--------+-----+--------+

Top non-repeatable levels by time:
     D:4: 2430 daAuts
     D:5: 2242 daAuts
     D:1: 1705 daAuts
     D:6: 1343 daAuts
     D:3: 1308 daAuts
     D:2: 867 daAuts
  Temple: 260 daAuts
     D:7: 64 daAuts
